 Dungeon Crawl Stone Soup version 0.29-a0-221-gceb61267dd (webtiles) character file.

Game seed: 16227088023110735631

109 cyrus the Skirmisher (level 4, 0/24 HPs)
             Began as a Vine Stalker Fighter on Feb 26, 2022.
             Slain by Maggie
             ... wielding a +2 halberd of protection
              (13 damage)
             ... on level 6 of the Dungeon.
             The game lasted 00:04:14 (2123 turns).

cyrus the Skirmisher (Vine Stalker Fighter)         Turns: 2123, Time: 00:04:15

Health: 0/24       AC:  7    Str: 19    XL:     4   Next: 89%
Magic:  0/5        EV:  9    Int: 10    God:
Gold:   152        SH:  4    Dex: 13    Spells: 3/3 levels left

rFire   . . .      SeeInvis .   a - +0 war axe
rCold   . . .      Faith    .   c - +0 buckler
rNeg    . . .      Spirit   +   b - +0 scale mail
rPois   .          Reflect  .   h - +0 hat
rElec   .          Harm     .   (no cloak)
rCorr   .          Rampage  .   k - +0 pair of gloves
Will    .....                   (no boots)
Stlth   ..........              (no amulet)
HPRegen 0.88/turn               (no ring)
MPRegen 0.09/turn               (no ring)

@: mighty
A: fangs 2, regeneration 1, magic shield, antimagic bite, no potion heal 2
a: no special abilities


You were on level 6 of the Dungeon.
You visited 1 branch of the dungeon, and saw 4 of its levels.

You collected 152 gold pieces.

Inventory:

Hand Weapons
 a - a +0 war axe (weapon)
 g - a +0 whip
Armour
 b - a +0 scale mail (worn)
 c - a +0 buckler (worn)
 h - a +0 hat (worn)
 k - a +0 pair of gloves (worn)
Jewellery
 p - a ring of ice
Scrolls
 e - a scroll of torment {unknown}
 f - 6 scrolls of identify {unknown}
 i - a scroll of immolation {unknown}
Potions
 d - 2 potions of might
 j - a potion of heal wounds
 l - a potion of mutation {unknown}
 m - a potion of degeneration {unknown}
 n - a potion of attraction {unknown}
 o - 2 potions of curing {unknown}


   Skills:
 + Level 3.3 Fighting
 + Level 3.1 Axes
 + Level 2.9 Armour
 + Level 0.5 Dodging
 + Level 0.1 Stealth
 + Level 3.0 Shields


You had 3 spell levels left.
You didn't know any spells.
Your spell library contained the following spells:

 Spells                   Type           Power      Damage    Failure   Level
 Ensorcelled Hibernation  Hex/Ice        0%         N/A       92%         2
 Passwall                 Tmut/Erth      0%         N/A       92%         2
 Swiftness                Air            0%         N/A       99%         3


Dungeon Overview and Level Annotations

Branches:
Dungeon (3/15)

Altars:

Annotations:
D:6 Maggie


Innate Abilities, Weirdness & Mutations

You have extremely sharp teeth.
Your natural rate of healing is unusually fast.
When hurt, damage is shared between your health and your magic reserves.
Your bite disrupts and absorbs the magic of your enemies.
Potions cannot restore your health.


Message History

You slash the hobgoblin!
You kill the hobgoblin!
You hit the endoplasm. Your bite misses the endoplasm.
The endoplasm is almost dead.
The endoplasm closely misses you.
The endoplasm hits you but does no damage.
You slash the endoplasm!
You kill the endoplasm!
You now have 145 gold pieces (gained 4).
You now have 152 gold pieces (gained 7).
Found a stone staircase leading down.
There is a stone staircase leading down here.
Found a stone staircase leading up.
A sourceless malevolence fills the Dungeon...
You fall into a shaft and drop 3 floors!
The shaft crumbles and collapses.
Found a stone staircase leading down.
There is a stone staircase leading down here.
You open the door.
There is an open door here.
You open the door.
There is an open door here.
Maggie the Vainglorious comes into view.
She is wielding a +2 halberd of protection.
Maggie shouts!
Unknown command.
Maggie shouts, "Leave me alone!"
You feel very mighty all of a sudden. Maggie closely misses you.
You barely miss Maggie. You block Maggie's attack.
Maggie casts a spell.
Maggie attempts to bespell you! You resist with almost no effort.
You slash Maggie!
Maggie is lightly wounded.
Maggie hits you with a +2 halberd of protection!
Ouch! That really hurt!
You slash Maggie! You bite Maggie, but do no damage.
Maggie is moderately wounded.
Maggie hits you with a +2 halberd of protection!
Ouch! That really hurt!
You die...

#.####### #.#
#######.#.....##########.#
........'.....'.......>..#
######.#.....############
######.##########
.................#
.######..........#
#...$......# #....@@....#
#..........# #..........#
#### ############ #...
#.## #


You could see Maggie.

Vanquished Creatures
  A hound (D:2)
  4 adders
  A bat (D:1)
  6 endoplasms
  7 hobgoblins
  4 jackals (D:1)
  2 kobolds (D:1)
  3 quokkas
  4 ball pythons (D:2)
  A frilled lizard (D:3)
  4 goblins
  3 rats (D:2)
40 creatures vanquished.

Vanquished Creatures (others)
  3 fungi (D:3)
  A plant (D:3)
4 creatures vanquished.

Grand Total: 44 creatures vanquished

Notes
Turn   | Place    | Note
-------+----------+-------------------------------------------
     0 | D:1      | cyrus the Vine Stalker Fighter began the quest for the Orb.
     0 | D:1      | Reached XP level 1. HP: 11/11 MP: 2/2
   119 | D:1      | Reached XP level 2. HP: 5/16 MP: 1/3
   957 | D:2      | Reached XP level 3. HP: 8/19 MP: 2/4
  1470 | D:2      | Gained mutation: Your natural rate of healing is unusually
                  | fast. [Vine Stalker growth]
  1470 | D:2      | Reached XP level 4. HP: 24/24 MP: 5/5
  2055 | D:3      | You fall into a shaft and drop 3 floors!
  2115 | D:6      | Noticed Maggie
  2123 | D:6      | Slain by Maggie

Illustrated notes

Levels and vault maps discovered:
D:1:      pf_arrival_petrified_forest, layout_rooms, grunt_decor_resistance
D:2:      layout_basic, minmay_strange_pillars
D:3:      layout_basic, shapermc_ecumenical_altar_mp_ritualfount,
          cheibrodos_gnoll_hut
D:6:      layout_basic, uniq_sigmund, uniq_maggie

Skill      XL: |  1  2  3  4 |
---------------+-------------+-----
Axes           | 2 3 |  3.1
Fighting       | 3 |  3.3
Shields        | 3 |  3.0
Armour         | |  2.9
Dodging        | |  0.5
Stealth        | |  0.1

Action                   |  1- 3 |  4- 6 || total
-------------------------+-------+-------++-------
Melee: War axe           |    58 |    40 ||    98
       Bite              |    14 |     8 ||    22
  Use: Potion            |     1 |     1 ||     2
Armor: Scale mail        |    47 |    30 ||    77
Dodge: Dodged            |    43 |    19 ||    62
Block: Buckler           |    27 |    12 ||    39

Table legend: (Time is in decaauts)
 A = Elapsed time spent in this place.
 B = Non-inter-level travel time spent in this place.
 C = Inter-level travel time spent in this place.
 D = Time resting spent in this place.
 E = Time spent auto-exploring this place.
 F = Levels seen in this place.
 G = Mean time per level.
                   A        B        C        D        E       F      G
               +--------+--------+--------+--------+--------+-----+--------+
         Total |   2162 |   2079 |     83 |    905 |    714 |   4 |  540.5 |
       Dungeon |   2162 |   2079 |     83 |    905 |    714 |   4 |  540.5 |
               +--------+--------+--------+--------+--------+-----+--------+

Top non-repeatable levels by time:
     D:2: 960 daAuts
     D:1: 951 daAuts
     D:3: 182 daAuts
     D:6: 68 daAuts
